 Dungeon Crawl Stone Soup version 0.26.0-10-g1f06aea511 (webtiles) character file.

Game seed: 12754031364443134217

74 Borgoz the Slasher (level 4, -2/37 HPs)
             Began as a Ghoul Gladiator on Jan 15, 2021.
             Killed by divine providence
             ... invoked by an orc priest
              (16 damage)
             ... on level 2 of the Dungeon.
             The game lasted 00:02:55 (1647 turns).

Borgoz the Slasher (Ghoul Gladiator)                Turns: 1647, Time: 00:02:55

Health: -2/37      AC:  6    Str: 17    XL:     4   Next: 28%
Magic:  3/3        EV: 12    Int:  3    God:
Gold:   59         SH:  0    Dex: 11    Spells: 3/3 levels left

rFire    . . .     SeeInvis .   a - +0 long sword
rCold    + . .     Faith    .   (no shield)
rNeg     + + +     Spirit   .   n - +0 ring mail
rPois    ∞         Reflect  .   c - +0 helmet
rElec    .         Harm     .   (no cloak)
rCorr    .         Rampage  .   (no gloves)
Will     .....                  (no boots)
Stlth    +.........             (no amulet)
HPRegen  0.00/turn              (no ring)
MPRegen  0.08/turn              (no ring)

@: hasted, very quick
A: claws 1, cold resistance 1, negative energy resistance 3, inhibited
regeneration, torment resistance, unbreathing
a: no special abilities


You were on level 2 of the Dungeon.
You visited 1 branch of the dungeon, and saw 2 of its levels.

You collected 59 gold pieces.

Inventory:

Hand Weapons
 a - a +0 long sword (weapon)
Missiles
 d - 3 throwing nets (quivered)
Armour
 c - a +0 helmet (worn)
 n - a +0 ring mail (worn)
Scrolls
 f - a scroll of noise {unknown}
 g - 2 scrolls of identify {unknown}
 i - a scroll of remove curse {unknown}
 k - a scroll of amnesia {unknown}
Potions
 b - a potion of lignification {unknown}
 e - a potion of brilliance {unknown}
 h - a potion of haste
 j - a potion of cancellation {unknown}
 l - a potion of berserk rage {unknown}


   Skills:
 + Level 2.7 Fighting
 * Level 3.3 Long Blades
 - Level 1.7 Throwing
 * Level 1.7 Armour
 + Level 3.1 Dodging


You had 3 spell levels left.
You didn't know any spells.
Your spell library was empty.

Dungeon Overview and Level Annotations

Branches:
Dungeon (2/15)

Altars:
Trog


Innate Abilities, Weirdness & Mutations

You thrive by killing the living.
You are immune to poison.
You have sharp fingernails.
Your flesh is cold resistant. (rC+)
You are immune to negative energy. (rN+++)
You do not regenerate when monsters are visible.
You are immune to unholy pain and torment.
You can survive without breathing.


Message History

The adder closely misses you. The orc wizard barely misses you.
The adder bites you.
You are too injured to fight recklessly!
You are too injured to fight recklessly!
You are too injured to fight recklessly!
It was a potion of haste.
You feel yourself speed up.
The orc wizard splashes around in the water.
The adder bites you but does no damage.
You closely miss the orc wizard.
The orc wizard is heavily wounded.
The orc wizard gestures at you while chanting.
The puff of frost misses you. The adder bites you.
The orc wizard splashes around in the water.
You hit the adder.
The adder is moderately wounded.
The adder bites you.
The orc wizard hits you but does no damage.
The orc priest invokes the aid of Beogh against you.
Beogh smites you!
You die...

#.#####.##.#..#.## #...# ####..
..# ........#..###...# #.....
.... #...........##...#####.##÷.
.... ####....................#..
...≈ ≈##..8..8...............
≈≈≈≈ ≈≈≈≈≈.8..8............#..
≈≈≈ ≈≈≈≈≈≈..o#.....####.##.# ≈≈≈
≈≈≈≈≈≈S.o≈≈....# #..... ≈≈≈
≈≈≈≈≈≈o@≈≈≈≈≈≈.######÷.. ≈≈#
##≈≈≈≈..≈≈≈≈≈≈≈≈≈≈###.≈≈ ###
#.##≈..≈≈≈≈≈≈≈≈≈≈≈≈≈≈≈≈ .#
#.##8..8≈≈≈≈≈≈≈≈≈≈≈≈≈≈≈ >#
#.##8..8.#.≈≈≈≈≈≈≈≈≈≈≈≈ .#
#####.##.....##)...≈≈≈≈≈≈≈≈
.######....................$##..?
........####>##..#.###..#......##
.######## #....÷#......##..##.#


You could see an orc priest, an orc wizard (fast), an adder and an orc.

Vanquished Creatures
  2 adders (D:2)
  An ooze (D:1)
  2 worms (D:2)
  2 dart slugs (D:1)
  A leopard gecko (D:1)
  An orc (D:2)
  A giant cockroach (D:1)
  2 goblins
  7 hobgoblins
  5 kobolds
  9 bats
  3 frilled lizards
  3 rats
39 creatures vanquished.

Notes
Turn   | Place    | Note
-------+----------+-------------------------------------------
     0 | D:1      | Borgoz the Ghoul Gladiator began the quest for the Orb.
     0 | D:1      | Reached XP level 1. HP: 17/17 MP: 0/0
   194 | D:1      | Reached XP level 2. HP: 24/24 MP: 1/1
   331 | D:1      | Reached skill level 1 in Armour
   644 | D:1      | Reached XP level 3. HP: 30/30 MP: 2/2
  1218 | D:2      | Found a bloodstained altar of Trog.
  1310 | D:2      | Reached XP level 4. HP: 28/37 MP: 3/3
  1647 | D:2      | Killed from afar by an orc priest

Illustrated notes

Levels and vault maps discovered:
D:1:      ebering_trefoil_3fold, layout_basic, nrook_campfire
D:2:      wander_river, layout_loops_cross, minitemple,
          trog_three_pillars_becter

Skill      XL: |  1  2  3 |
---------------+----------+-----
Long Blades    | 3 |  3.3
Armour         | 1 |  1.7
Dodging        | 3 |  3.1
Fighting       | |  2.7
Throwing       | |  1.7

Action                   |  1- 3 |  4- 6 || total
-------------------------+-------+-------++-------
Melee: Long sword        |    96 |    31 ||   127
  Use: Potion            |       |     1 ||     1
Armor: Leather armour    |    30 |       ||    30
       Ring mail         |       |    13 ||    13
Dodge: Dodged            |    82 |    38 ||   120
       Rpst.: Long sword |    29 |    11 ||    40
